[ AOE2 MATCH · #504665047 ]
UnrankedMongols vs Burgundians
Player's team · WIN
[ REPLAY ANALYSIS · EXTRACTED FROM THE RECORDED GAME ]
Feudal
8:25
Castle
—
Imperial
—
| APM avg | 75.1 |
| APM peak | 109 |
| eAPM avg | 36.2 |
| Villagers / military | 57 / 20 |
Focus
⚔️ 47.5% · 🌾 52.5%
Archer ×14 · Militia ×3 · Spearman ×3
Feudal
9:03
Castle
—
Imperial
—
| APM avg | 67.2 |
| APM peak | 112 |
| eAPM avg | 25.8 |
| Villagers / military | 41 / 19 |
Focus
⚔️ 29.1% · 🌾 70.9%
Skirmisher ×12 · Scout Cavalry ×5 · Flemish Militia ×2
Match map
Initial resources + every placement click. Lines = walls · curves = elevation contours. ◆ gold · ⬟ stone · ● berries · ✦ relic · ◌ wall gap
Your base· ✓ Closed at 19:19 · 28t walls · no gate
[CL]Jupy's base· Open — unwalled flank
Smoothed initial terrain · ◌ = detected wall gap · hover for details
Inputs per minute
— NOC | komtan - - [CL]Jupy
Build order — NOC | komtan
141 actions detected in the replay
| 0:00 | Queue | Villager (Male) |
| 0:00 | Queue | Villager (Male) |
| 0:01 | Queue | Villager (Male) |
| 0:01 | Queue | Villager (Male) |
| 0:02 | Build | House |
| 0:03 | Build | House |
| 1:25 | Queue | Villager (Male) |
| 1:25 | Queue | Villager (Male) |
| 1:53 | Queue | Villager (Male) |
| 2:22 | Queue | Villager (Male) |
| 2:22 | Queue | Villager (Male) |
| 2:22 | Queue | Villager (Male) |
| 2:34 | Build | Lumber Camp |
| 2:48 | Queue | Villager (Male) |
| 2:51 | Queue | Villager (Male) |
| 2:51 | Queue | Villager (Male) |
| 3:15 | Queue | Villager (Male) |
| 3:16 | Queue | Villager (Male) |
| 3:16 | Queue | Villager (Male) |
| 4:05 | Build | House |
| 4:12 | Queue | Villager (Male) |
| 4:12 | Queue | Villager (Male) |
| 4:12 | Queue | Villager (Male) |
| 4:18 | Queue | Villager (Male) |
| 4:18 | Queue | Villager (Male) |
| 4:43 | Queue | Villager (Male) |
| 4:44 | Queue | Villager (Male) |
| 5:05 | Build | Barracks |
| 5:18 | Queue | Villager (Male) |
| 5:23 | Build | House |
| 6:08 | Research | Feudal Age |
| 6:23 | Queue | Militia |
| 6:45 | Build | Mining Camp |
| 6:48 | Queue | Militia |
| 6:50 | Queue | Militia |
| 7:21 | Queue | Villager (Male) |
| 7:31 | Build | House |
| 7:40 | Research | Loom |
| 7:45 | Queue | Villager (Male) |
| 8:02 | Build | Palisade Wall |
| 8:04 | Build | Palisade Wall |
| 8:21 | Build | Palisade Wall |
| 8:25 | Age | Feudal Age |
| 8:28 | Build | Archery Range |
| 8:29 | Research | Man-at-Arms (upgrade) |
| 8:48 | Build | House |
| 8:55 | Queue | Villager (Male) |
| 9:12 | Queue | Villager (Male) |
| 9:18 | Queue | Archer |
| 9:19 | Queue | Villager (Male) |
| 9:34 | Build | Mill |
| 9:44 | Queue | Villager (Male) |
| 9:49 | Queue | Archer |
| 10:11 | Queue | Villager (Male) |
| 10:16 | Build | Blacksmith |
| 10:21 | Queue | Villager (Male) |
| 10:28 | Research | Double-Bit Axe |
| 10:28 | Queue | Villager (Male) |
| 10:28 | Queue | Archer |
| 10:53 | Queue | Spearman |
| 10:55 | Queue | Spearman |
| 11:00 | Build | Palisade Wall |
| 11:05 | Queue | Villager (Male) |
| 11:05 | Queue | Villager (Male) |
| 11:07 | Build | House |
| 11:09 | Queue | Archer |
| 11:36 | Build | Farm |
| 11:37 | Queue | Villager (Male) |
| 11:38 | Queue | Villager (Male) |
| 11:44 | Build | House |
| 11:45 | Build | Palisade Wall |
| 11:50 | Build | Farm |
| 11:57 | Queue | Archer |
| 12:03 | Queue | Villager (Male) |
| 12:05 | Build | House |
| 12:18 | Build | Palisade Gate |
| 12:18 | Build | Palisade Wall |
| 12:24 | Build | Farm |
| 12:30 | Build | Farm |
| 12:31 | Queue | Villager (Male) |
| 12:31 | Queue | Archer |
| 12:48 | Build | Palisade Wall |
| 12:49 | Build | Palisade Wall |
| 12:54 | Queue | Villager (Male) |
| 13:04 | Build | Palisade Wall |
| 13:05 | Queue | Villager (Male) |
| 13:16 | Build | Farm |
| 13:21 | Queue | Villager (Male) |
| 13:21 | Queue | Villager (Male) |
| 13:34 | Queue | Spearman |
| 13:47 | Build | Farm |
| 13:50 | Research | Fletching |
| 13:50 | Research | Fletching |
| 14:04 | Queue | Villager (Male) |
| 14:05 | Queue | Villager (Male) |
| 14:08 | Build | House |
| 14:12 | Build | Palisade Wall |
| 14:16 | Build | Farm |
| 14:18 | Build | Farm |
| 14:23 | Queue | Villager (Male) |
| 14:41 | Queue | Villager (Male) |
| 14:55 | Build | House |
| 15:02 | Queue | Archer |
| 15:09 | Queue | Villager (Male) |
| 15:12 | Build | House |
| 15:14 | Queue | Archer |
| 15:17 | Build | Farm |
| 15:20 | Queue | Villager (Male) |
| 15:44 | Build | House |
| 15:45 | Queue | Villager (Male) |
| 15:45 | Queue | Archer |
| 15:51 | Build | House |
| 16:05 | Build | Palisade Wall |
| 16:06 | Queue | Villager (Male) |
| 16:18 | Queue | Villager (Male) |
| 16:27 | Build | Farm |
| 16:46 | Build | Farm |
| 16:49 | Queue | Archer |
| 16:50 | Queue | Villager (Male) |
| 16:55 | Build | Stable |
| 16:58 | Build | Farm |
| 17:02 | Build | Farm |
| 17:03 | Build | Farm |
| 17:04 | Queue | Archer |
| 17:06 | Build | Farm |
| 17:07 | Queue | Villager (Male) |
| 17:22 | Build | House |
| 17:30 | Queue | Archer |
| 17:30 | Queue | Villager (Male) |
| 17:54 | Queue | Villager (Male) |
| 17:58 | Build | House |
| 17:59 | Build | House |
| 18:00 | Queue | Archer |
| 18:11 | Build | House |
| 18:22 | Build | Farm |
| 18:38 | Build | House |
| 18:44 | Queue | Villager (Male) |
| 18:47 | Build | Farm |
| 19:19 | Research | Castle Age |
| 19:22 | Build | Farm |
| 19:55 | Queue | Archer |
Build order — [CL]Jupy
111 actions detected in the replay
| 0:01 | Queue | Villager (Male) ×4 |
| 0:01 | Queue | Villager (Male) ×4 |
| 0:02 | Build | House |
| 0:04 | Build | House |
| 1:25 | Queue | Villager (Male) |
| 1:52 | Queue | Villager (Male) |
| 2:24 | Queue | Villager (Male) |
| 2:34 | Queue | Villager (Male) |
| 2:56 | Build | Lumber Camp |
| 3:14 | Queue | Villager (Male) |
| 3:15 | Queue | Villager (Male) |
| 4:08 | Queue | Villager (Male) |
| 4:08 | Queue | Villager (Male) |
| 4:09 | Build | House |
| 4:15 | Queue | Villager (Male) |
| 4:27 | Research | Double-Bit Axe |
| 4:27 | Research | Double-Bit Axe |
| 5:31 | Queue | Villager (Male) |
| 5:40 | Build | Mill |
| 5:49 | Research | Loom |
| 5:49 | Research | Loom |
| 6:20 | Queue | Villager (Male) |
| 6:53 | Research | Feudal Age |
| 6:53 | Research | Feudal Age |
| 8:04 | Build | Barracks |
| 8:07 | Build | House |
| 8:23 | Queue | Villager (Male) |
| 9:03 | Age | Feudal Age |
| 9:07 | Queue | Flemish Militia |
| 9:07 | Queue | Flemish Militia |
| 9:17 | Queue | Villager (Male) |
| 9:32 | Queue | Villager (Male) |
| 9:44 | Queue | Villager (Male) |
| 9:49 | Build | Stable |
| 9:51 | Build | House |
| 10:05 | Queue | Villager (Male) |
| 10:29 | Research | Bow Saw |
| 10:29 | Research | Bow Saw |
| 10:37 | Queue | Scout Cavalry |
| 10:37 | Queue | Scout Cavalry |
| 10:42 | Build | Farm |
| 11:04 | Queue | Villager (Male) |
| 11:14 | Queue | Villager (Male) |
| 11:41 | Queue | Villager (Male) |
| 11:44 | Build | House |
| 11:59 | Queue | Scout Cavalry |
| 12:06 | Queue | Villager (Male) |
| 12:09 | Build | Archery Range |
| 12:18 | Build | House |
| 12:21 | Research | Horse Collar |
| 12:21 | Research | Horse Collar |
| 12:35 | Queue | Villager (Male) |
| 13:01 | Queue | Skirmisher |
| 13:01 | Queue | Skirmisher |
| 13:07 | Queue | Villager (Male) |
| 13:11 | Build | Mining Camp |
| 13:42 | Queue | Villager (Male) |
| 13:43 | Queue | Skirmisher |
| 13:49 | Queue | Skirmisher |
| 14:02 | Build | House |
| 14:04 | Build | Farm |
| 14:05 | Build | Farm |
| 14:10 | Queue | Villager (Male) |
| 14:27 | Queue | Skirmisher |
| 14:40 | Queue | Villager (Male) |
| 14:42 | Build | Blacksmith |
| 14:44 | Build | House |
| 15:08 | Queue | Villager (Male) |
| 15:16 | Build | Farm |
| 15:18 | Build | Farm |
| 15:19 | Build | Farm |
| 15:31 | Queue | Scout Cavalry |
| 15:31 | Queue | Scout Cavalry |
| 15:41 | Queue | Villager (Male) |
| 16:07 | Build | House |
| 16:11 | Build | House |
| 16:11 | Build | House |
| 16:22 | Queue | Skirmisher |
| 16:23 | Queue | Skirmisher |
| 16:23 | Queue | Villager (Male) |
| 16:24 | Queue | Villager (Male) |
| 16:25 | Build | Farm |
| 16:26 | Build | Farm |
| 16:39 | Queue | Skirmisher |
| 16:57 | Queue | Villager (Male) |
| 17:01 | Build | Farm |
| 17:04 | Build | Farm |
| 17:06 | Build | Farm |
| 17:20 | Queue | Skirmisher |
| 17:32 | Build | Palisade Wall |
| 17:35 | Build | Palisade Wall |
| 17:44 | Queue | Villager (Male) |
| 17:44 | Queue | Villager (Male) |
| 17:49 | Build | Palisade Gate |
| 17:51 | Build | Palisade Wall |
| 18:08 | Build | Farm |
| 18:10 | Build | House |
| 18:12 | Build | Farm |
| 18:15 | Queue | Villager (Male) |
| 18:23 | Build | House |
| 18:45 | Build | House |
| 18:47 | Build | Farm |
| 18:49 | Research | Wheelbarrow |
| 18:49 | Research | Wheelbarrow |
| 18:49 | Research | Wheelbarrow |
| 19:06 | Queue | Skirmisher |
| 19:12 | Build | Palisade Wall |
| 19:17 | Queue | Skirmisher |
| 19:19 | Research | Padded Archer Armor |
| 19:19 | Research | Padded Archer Armor |
| 19:40 | Queue | Skirmisher |
Match timeline
| 5:05 | NOC | komtan · first_building Barracks |
| 8:02 | NOC | komtan · wall_segment Palisade Wall x1 |
| 8:04 | [CL]Jupy · first_building Barracks |
| 8:04 | NOC | komtan · wall_segment Palisade Wall x1 |
| 8:21 | NOC | komtan · wall_segment Palisade Wall x1 |
| 8:25 | NOC | komtan · age_up feudal |
| 8:28 | NOC | komtan · first_building Archery Range |
| 9:03 | [CL]Jupy · age_up feudal |
| 9:49 | [CL]Jupy · first_building Stable |
| 11:00 | NOC | komtan · wall_segment Palisade Wall x1 |
| 11:45 | NOC | komtan · wall_segment Palisade Wall x1 |
| 12:09 | [CL]Jupy · first_building Archery Range |
| 12:18 | NOC | komtan · wall_segment Palisade Wall x1 |
| 12:48 | NOC | komtan · wall_segment Palisade Wall x1 |
| 12:49 | NOC | komtan · wall_segment Palisade Wall x1 |
| 13:04 | NOC | komtan · wall_segment Palisade Wall x5 |
| 14:12 | NOC | komtan · wall_segment Palisade Wall x11 |
| 16:05 | NOC | komtan · wall_segment Palisade Wall x4 |
| 16:55 | NOC | komtan · first_building Stable |
| 17:32 | [CL]Jupy · wall_segment Palisade Wall x7 |
| 17:35 | [CL]Jupy · wall_segment Palisade Wall x10 |
| 17:51 | [CL]Jupy · wall_segment Palisade Wall x11 |
| 19:12 | [CL]Jupy · wall_segment Palisade Wall x2 |
| 19:59 | [CL]Jupy · resign |
[ AI ANALYSIS · 1 CREDIT ]
What really happened in this match?
Wolo.gg analyzes every decision: build order, eco, micro, common mistakes by bracket. Personalized analysis on WhatsApp or Discord in 30 seconds.
Civ guide
Mongols
Perfil
Jugador #223206